AoeStats
← MaxCaiimans

Arena

508182010Analyzed
3v3 RM · 11d ago on Sep 21, 2026· 59m 34s· 6 players
Game mode
Random Map
Map size
Normal (6 player)
Population
200
Speed
Normal
Resources
Standard
Victory
Conquest
Starting age
Dark Age
Ending age
Imperial Age
RankedLock teamsTeams togetherTeam positionsShared explorationLock speedFull tech treeHidden civsTurbo modeCheats
Victory
Defeat
🇯🇵 Gurjaras · Japan
542
+17
🇮🇹 Vietnamese · Italy
533
+18
🇫🇷 Jurchens · France
523
+18
🇷🇴 Franks · Romania
601
-20
🇹🇷 Byzantines · Türkiye
562
-17
🇷🇺 Maya · Russia
539
-16
Loopia
3:35 Loom
13:23 Feudal Age
15:30 Wheelbarrow
14:41 Town Watch
14:39 Horse Collar
14:49 Double-Bit Axe
18:39 Castle Age
16:44 Stone Mining
19:55 Bow Saw
19:47 Heavy Plow
19:54 Caravan
24:41 Forging
26:15 Scale Barding Armor
26:27 Gold Mining
29:05 Hand Cart
29:32 Town Patrol
32:47 Imperial Age
32:57 Imperial Age
31:59 Bloodlines
31:53 Husbandry
32:59 Iron Casting
32:26 Scale Mail Armor
32:58 Ballistics
34:18 Crop Rotation
33:36 Heavy Camel Rider
35:51 Chain Barding Armor
36:13 Conscription
35:28 Elite Shrivamsha Rider
37:48 Chemistry
37:43 Kshatriyas
37:33 Light Cavalry
38:48 Hussar
41:47 Elite Chakram Thrower
44:56 Plate Barding Armor
46:29 Chain Mail Armor
52:48 Plate Mail Armor
53:20 Gold Shaft Mining
53:28 Stone Shaft Mining
MaxCaiimans
5:22 Loom
12:51 Feudal Age
16:13 Horse Collar
16:22 Double-Bit Axe
16:31 Gold Mining
16:34 Stone Mining
16:32 Town Watch
17:24 Wheelbarrow
21:01 Castle Age
21:55 Heavy Plow
22:38 Gold Shaft Mining
22:42 Stone Shaft Mining
22:21 Bow Saw
23:50 Town Patrol
24:56 Fervor
25:50 Hand Cart
28:44 Fortified Wall
28:56 Ballistics
28:17 Treadmill Crane
28:34 Murder Holes
29:02 Masonry
29:56 Caravan
34:19 Imperial Age
31:53 Arson
32:09 Squires
31:29 Pikeman
32:38 Fortified Bastions
34:31 Husbandry
34:42 Bloodlines
33:57 Elite Skirmisher
35:44 Conscription
39:20 Hoardings
41:05 Heavy Scorpion
42:59 Elite Fire Lancer
43:17 Heavy Cavalry Archer
44:23 Heavy Rocket Cart
45:30 Elite Iron Pagoda
49:25 Halberdier
50:59 Padded Archer Armor
50:49 Fletching
51:10 Forging
51:00 Scale Mail Armor
51:07 Scale Barding Armor
52:36 Guilds
massiPro97
9:26 Loom
12:59 Feudal Age
14:18 Wheelbarrow
16:12 Double-Bit Axe
16:19 Horse Collar
17:54 Gold Mining
17:59 Stone Mining
19:47 Town Watch
20:18 Scale Barding Armor
20:16 Padded Archer Armor
20:08 Fletching
20:29 Scale Mail Armor
20:48 Forging
26:18 Castle Age
25:04 Bloodlines
25:41 Man-at-Arms
27:00 Heavy Plow
27:14 Bow Saw
27:21 Hand Cart
27:09 Town Patrol
27:47 Stone Shaft Mining
28:15 Pikeman
28:59 Squires
29:53 Sanctity
33:19 Bodkin Arrow
33:46 Chain Mail Armor
33:48 Leather Archer Armor
34:15 Husbandry
33:38 Light Cavalry
40:55 Thumb Ring
40:11 Crossbowman
46:46 Chain Barding Armor
47:02 Iron Casting
54:15 Imperial Age
52:08 Elite Skirmisher
53:46 Chatras
54:08 Herbal Medicine
55:12 Elite Rattan Archer
56:30 Hoardings
alexdoctorofsoul
13:02 Feudal Age
14:51 Double-Bit Axe
16:38 Gold Mining
16:39 Stone Mining
20:56 Wheelbarrow
26:05 Castle Age
27:36 Gold Shaft Mining
27:18 Bow Saw
29:09 Caravan
33:01 Hand Cart
33:05 Fortified Wall
38:37 Imperial Age
40:24 Chemistry
38:47 Cavalier
40:32 Paladin
44:25 Chivalry
43:46 Elite Throwing Axeman
xLEOx
12:46 Feudal Age
19:04 Castle Age
18:48 Double-Bit Axe
18:47 Horse Collar
21:12 Heavy Plow
21:24 Bow Saw
25:14 Wheelbarrow
26:11 Hand Cart
30:16 Imperial Age
27:39 Eagle Warrior
31:24 Forging
31:15 Scale Mail Armor
32:17 Elite Skirmisher
34:09 Crop Rotation
34:45 Two-Man Saw
33:16 Elite Eagle Warrior
39:12 Elite Plumed Archer
emrecankurttt54
13:54 Feudal Age
14:19 Horse Collar
14:33 Double-Bit Axe
17:30 Forging
17:20 Scale Mail Armor
26:05 Castle Age
26:16 Loom
27:07 Wheelbarrow
27:03 Gold Mining
27:04 Stone Mining
27:17 Heavy Plow
27:32 Bow Saw
28:29 Caravan
29:06 Iron Casting
28:47 Chain Mail Armor
29:14 Gold Shaft Mining
29:15 Stone Shaft Mining
35:11 Hand Cart
35:41 Coinage
35:30 Redemption
35:50 Fortified Wall
35:21 Treadmill Crane
35:36 Murder Holes
39:51 Imperial Age
37:06 Man-at-Arms
37:32 Gambesons
37:08 Pikeman
37:49 Squires
37:35 Arson
37:41 Crossbowman
37:42 Elite Skirmisher
38:27 Thumb Ring
41:15 Arbalester
41:16 Heavy Cavalry Archer
43:14 Chemistry
43:13 Crop Rotation
43:55 Two-Man Saw
44:24 Long Swordsman
44:24 Halberdier
46:13 Guilds
46:33 Banking
55:25 Onager
55:30 Capped Ram
Connection lost

Rejoining the realm…

Still unreachable

The connection could not be restored.

Session expired

The server has moved on; the page needs a fresh start.